 Dungeon Crawl Stone Soup version 0.15.0-14-g6bbbb5c (console) character file.

67 gw the Chucker (level 4, 0/23 HPs)
             Began as a Spriggan Hunter on Sept 3, 2014.
             Succumbed to an adder's poison
             ... on Level 3 of the Dungeon.
             The game lasted 00:01:02 (2606 turns).

gw the Chucker (Spriggan Hunter)                    Turns: 2606, Time: 00:01:02

HP   0/23        AC  2     Str  8      XL: 4   Next:  0%
MP   8/8         EV 20     Int 12      God:
Gold 0           SH  0     Dex 17      Spells:  0 memorised,  3 levels left

rFire  . . .     SeeInvis +     g - +0 dagger
rCold  . . .     Clarity  .     d - +0 animal skin
rNeg   . . .     rCorr    .     (shield restricted)
rPois  .         rRot     .     (helmet restricted)
rElec  .         Spirit   .     (no cloak)
SustAb .         Warding  .     (gloves unavailable)
rMut   .         Stasis   .     (boots unavailable)
Gourm  .                        (no amulet)
MR     .....                    (no ring)
                                (no ring)

@: lethally poisoned, very quick, not resistant to hostile enchantments,
unstealthy
A: unfitting armour, see invisible, herbivore 3, speed 3, slow metabolism 2
a: no special abilities


You were on level 3 of the Dungeon.
You were not hungry.

You visited 1 branch of the dungeon, and saw 3 of its levels.

Inventory:

Hand weapons
 g - a +0 dagger (weapon)
Missiles
 a - 100 stones
 b - 4 tomahawks (quivered)
 c - 2 throwing nets
 i - 4 tomahawks of returning
Armour
 d - a +0 animal skin (worn)
Comestibles
 h - a bread ration
Scrolls
 f - a scroll of immolation {unknown}
Potions
 e - a potion of porridge
 j - a potion of heal wounds {unknown}


   Skills:
 + Level 2.4 Fighting
 - Level 1.1 Short Blades
 + Level 4.9 Throwing
 + Level 4.4 Dodging
 - Level 1.5 Stealth


You had 3 spell levels left.
You didn't know any spells.

Dungeon Overview and Level Annotations

Branches:
Dungeon (3/15)

Altars:


Innate Abilities, Weirdness & Mutations

You are tiny and cannot use many weapons and most armour.
You have supernaturally acute eyesight.
You are a herbivore.
You cover ground extremely quickly.
You need consume almost no food.


Message History

KIIIITING; ATTACKING (0,1)
You closely miss the bat. The bat barely misses you.
The bat hits you but does no damage.
KIIIITING; ATTACKING (0,1)
You barely miss the bat. The bat hits you but does no damage. The bat hits you.
KIIIITING; ATTACKING (0,1)
You miss the bat.
You feel sick. The bat hits you but does no damage.
MOVING TO (-1,8)
The bat closely misses you.
KIIIITING; ATTACKING (0,1)
You hit the bat but do no damage. The bat hits you but does no damage.
MOVING TO (1,-6)
The goblin shouts!
A giant cockroach comes into view.
MOVING TO (1,-5) MOVING TO (1,-4)
You die...

# . .# .###
#... .s# # #.#
.#
#.#####i##..#
#.....[.g...#
#######b###.#
### #.#
.....####.#
#(.(...#
###......#
#...###..###.#
#.#. #...(..#


You could see a giant cockroach, a goblin and a bat.

Table legend:
 A = Turns spent in this place as a percentage of turns spent in the entire game.
 B = Non-inter-level travel turns spent in this place as a percentage of non-inter-level travel turns spent in the entire game.
 C = Inter-level travel turns spent in this place as a percentage of turns spent in this place.
 D = Turns resting spent in this place as a percentage of non-inter-level travel turns spent in this place.
 E = Turns spent auto-exploring this place as a percentage of non-inter-level travel turns spent in this place.
 F = Non-inter-level travel turns spent in this place divided by the number of levels of this place that you've seen.
                   A       B       C       D       E      F
               +-------+-------+-------+-------+-------+----------------------
         Total | 100.0 | 100.0 |   1.3 |   4.5 |  18.1 | 171.7
       Dungeon | 100.0 | 100.0 |   1.3 |   4.5 |  18.1 | 171.7
               +-------+-------+-------+-------+-------+----------------------

Table legend:
 A = Kills in this place as a percentage of kills in entire the game.
 B = Kills by you in this place as a percentage of kills by you in the entire game.
 C = Kills by friends in this place as a percentage of kills by friends in the entire game.
 D = Other kills in this place as a percentage of other kills in the entire game.
 E = Experience gained in this place as a percentage of experience gained in the entire game.
 F = Experience gained in this place divided by the number of levels of this place that you have seen.
                   A       B       C       D       E      F
               +-------+-------+-------+-------+-------+----------------------
         Total | 100.0 | 100.0 |  -nan |  -nan | 100.0 |  32.3
       Dungeon | 100.0 | 100.0 |  -nan |  -nan | 100.0 |  32.3
               +-------+-------+-------+-------+-------+----------------------

Vanquished Creatures
  2 adders (D:3)
  A giant gecko (D:1)
  An orc (D:3)
  3 ball pythons
  6 bats
  4 giant cockroaches
  2 hobgoblins
  4 giant newts
  3 goblins
  10 jackals
  6 kobolds
  A quokka (D:3)
  4 rats
47 creatures vanquished.

Notes
Turn   | Place    | Note
--------------------------------------------------------------
     0 | D:1      | gw, the Spriggan Hunter, began the quest for the Orb.
     0 | D:1      | Reached XP level 1. HP: 10/10 MP: 2/2
   281 | D:1      | Reached XP level 2. HP: 6/15 MP: 4/4
  1445 | D:2      | Reached XP level 3. HP: 18/18 MP: 6/6
  2589 | D:3      | Reached XP level 4. HP: 7/23 MP: 8/8
  2601 | D:3      | HP: 1/23 [poisoned by an adder]
  2606 | D:3      | Succumbed to an adder's poison

Action                   |  1- 3 |  4- 6 || total
-------------------------+-------+-------++-------
Melee: Dagger            |    58 |     5 ||    63
       Short sword       |     2 |       ||     2
Throw: Tomahawk          |    92 |       ||    92
       Stone             |     1 |       ||     1
  Use: Scroll            |     5 |       ||     5
       Potion            |     3 |       ||     3

Vault maps used:
D:1:      dpeg_arrival_round_a, st_stairs_5, hangedman_abyss_or_decor_stabs
D:2:      kennysheep_nub
D:3:      nicolae_overflow_hidden_temple, kennysheep_generic_room_16
